Map: Tourmaline LE

Players

Reynor - Winner!

  • Race: Zerg Zerg
  • League: Master
  • Spawn Location: 7:00

trigger

  • Race: Protoss Protoss
  • League: Grandmaster
  • Spawn Location: 1:00

VOD

Have the link to the VOD?

Description

Time

  • Played on: Jan. 31, 2026, 4:21 p.m.
  • Length: 13:20
Show
View Real Time Build Order
Export as new Build Order

Reynor Zerg - Winner!

Build Orders: Hatch First, Lurkers 

Get SALT Encoding   

  12  0:00  Drone  
  13  0:08  Drone  
  13  0:13  Extractor  
  13  0:15  Drone  
  15  0:21  Overlord  
  15  0:40  Drone  
  15  0:41  Drone  
  17  0:49  Hatchery  
  16  0:52  Drone  
  16  0:56  Drone  
  18  1:06  Extractor  
  18  1:11  Spawning Pool  
  16  1:13  Drone  
  16  1:16  Drone  
  18  1:26  Drone  
  19  1:37  Drone  
  20  1:47  Overlord  
  20  1:57  Queen  
  20  2:00  Queen  
  24  2:02  Drone  
  24  2:04  Zergling x2  
  26  2:13  Zergling x2, Metabolic Boost  
  26  2:14  Drone  
  28  2:21  Drone  
  29  2:26  Drone  
  30  2:32  Zergling x2  
  30  2:33  Queen  
  33  2:42  Drone  
  34  2:47  Hatchery  
  34  2:51  Overlord  
  33  2:53  Zergling x2  
  33  2:57  Zergling x2  
  35  2:59  Drone  
  35  3:03  Drone  
  36  3:09  Drone x4  
  40  3:16  Queen  
  42  3:20  Overlord  
  42  3:23  Zergling x2  
  43  3:28  Drone  
  44  3:36  Overlord  
  44  3:40  Drone x4  
  48  3:42  Spore Crawler, Zergling x4  
  48  3:45  Drone  
  48  3:46  Drone  
  51  3:55  Queen  
  52  3:56  Drone  
  52  3:57  Drone  
  52  4:00  Drone  
  52  4:01  Drone  
  55  4:04  Drone  
  55  4:09  Drone x3  
  59  4:15  Drone, Spore Crawler  
  59  4:17  Overlord  
  59  4:18  Drone  
  59  4:23  Drone  
  61  4:25  Spore Crawler  
  61  4:28  Drone x2  
  61  4:29  Drone x2  
  63  4:31  Drone  
  63  4:32  Drone  
  62  4:39  Drone x2  
  62  4:40  Drone  
  62  4:42  Roach Warren  
  63  4:46  Lair, Drone  
  63  4:48  Drone  
  63  4:50  Drone x2  
  67  4:54  Zergling x4  
  68  5:00  Overlord  
  68  5:01  Drone x3  
  68  5:02  Drone x2  
  68  5:04  Drone  
  74  5:12  Overlord  
  74  5:14  Hatchery  
  74  5:15  Drone  
  74  5:19  Extractor  
  74  5:20  Drone x5  
  78  5:23  Zergling x4  
  80  5:31  Overlord  
  80  5:34  Drone x2  
  82  5:36  Spore Crawler  
  82  5:37  Drone  
  82  5:39  Zergling x6  
  82  5:40  Zergling x4  
  82  5:41  Drone  
  88  5:44  Drone x2  
  88  5:45  Overlord  
  88  5:46  Overseer  
  88  5:48  Overlord  
  88  5:49  Evolution Chamber  
  90  5:50  Drone, Extractor  
  90  5:52  Extractor, Queen  
  90  5:53  Overlord  
  90  5:56  Drone  
  91  5:58  Drone, Spire  
  91  6:00  Overlord  
  91  6:01  Drone x2  
  93  6:04  Extractor x2  
  93  6:05  Zergling x2  
  93  6:09  Zergling x6  
  95  6:12  Zergling x4  
  95  6:15  Zerg Melee Weapons Level 1  
  95  6:16  Zergling x4, Hatchery  
  95  6:17  Zergling x2  
  100  6:18  Zergling x2  
  100  6:23  Zergling x4  
  102  6:28  Zergling x10  
  107  6:33  Overlord  
  107  6:36  Zergling x6  
  107  6:37  Zergling x6  
  113  6:45  Overlord  
  113  6:46  Zergling x6  
  116  6:51  Drone x3  
  118  7:01  Overlord  
  118  7:02  Overlord  
  118  7:07  Mutalisk x8  
  134  7:09  Zergling x4  
  134  7:10  Zergling x2  
  134  7:12  Drone x2  
  134  7:13  Zerg Flyer Weapons Level 1  
  134  7:14  Drone x3  
  142  7:18  Drone  
  142  7:19  Mutalisk  
  145  7:23  Zergling x2  
  145  7:25  Spore Crawler  
  145  7:29  Zergling x2  
  147  7:30  Zergling x4  
  147  7:31  Drone x3  
  147  7:34  Drone x2  
  147  7:35  Hydralisk Den, Infestation Pit, Zergling x8  
  155  7:39  Overlord  
  155  7:42  Overlord  
  155  7:45  Drone x3  
  155  7:46  Drone  
  155  7:48  Drone x2  
  155  7:50  Extractor  
  160  7:52  Extractor  
  133  8:08  Muscular Augments  
  133  8:09  Hydralisk x11  
  133  8:10  Zergling x4  
  137  8:12  Hydralisk  
  138  8:20  Hydralisk x2, Zergling x4  
  138  8:21  Zergling x6  
  138  8:26  Hydralisk x2  
  145  8:31  Drone, Hydralisk x2  
  145  8:32  Hydralisk  
  145  8:33  Zergling x2  
  151  8:37  Zergling x4  
  153  8:44  Hive  
  153  8:46  Lurker Den, Zergling x14  
  157  8:50  Hydralisk x2  
  161  8:58  Hydralisk, Zergling x4  
  161  8:59  Zergling x4  
  160  9:03  Hydralisk x2  
  160  9:04  Zergling x4  
  160  9:08  Hydralisk  
  160  9:09  Zergling x10  
  170  9:12  Grooved Spines  
  170  9:13  Hydralisk x2  
  170  9:14  Zergling x2  
  153  9:17  Hydralisk  
  153  9:18  Hydralisk, Zergling x4  
  153  9:23  Hydralisk  
  133  9:26  Hydralisk  
  133  9:27  Hydralisk, Zergling x2  
  133  9:28  Zergling x2  
  124  9:33  Hydralisk x2  
  124  9:37  Hydralisk, Zergling x4  
  123  9:43  Hydralisk x2  
  123  9:44  Zergling x2  
  122  9:47  Zergling x2  
  122  9:48  Zergling x2  
  122  9:52  Zergling x6  
  125  9:57  Hydralisk x2  
  125  9:58  Zergling x2  
  122  10:01  Hydralisk  
  122  10:02  Zergling x4  
  122  10:04  Lurker x2  
  122  10:05  Lurker  
  122  10:06  Zergling x2  
  122  10:07  Zergling x6  
  132  10:10  Seismic Spines  
  133  10:16  Lurker  
  133  10:17  Drone x4  
  138  10:21  Hydralisk  
  138  10:22  Zergling x2  
  138  10:28  Queen  
  141  10:29  Lurker  
  141  10:30  Lurker  
  141  10:31  Hydralisk  
  141  10:32  Hydralisk, Zergling x4  
  141  10:33  Zergling x2  
  150  10:37  Lurker  
  150  10:38  Drone x3  
  150  10:40  Hydralisk  
  150  10:41  Zergling x2  
  157  10:44  Lurker  
  157  10:49  Lurker  
  157  10:51  Drone  
  157  10:53  Drone x2  
  157  10:54  Zerg Missile Weapons Level 1  
  157  10:56  Zergling x12  
  157  10:57  Zergling x2  
  167  11:01  Hydralisk x2  
  167  11:02  Zergling x2  
  171  11:07  Overlord  
  171  11:10  Hydralisk x2  
  171  11:19  Lurker x3  
  171  11:20  Overlord  
  170  11:26  Adaptive Talons  
  170  11:27  Queen  
  170  11:28  Queen  
  170  11:32  Hydralisk x2, Zergling x8  
  177  11:37  Overlord, Adrenal Glands  
  177  11:40  Hydralisk  
  177  11:43  Zergling x6  
  179  11:51  Zergling x10  
  179  11:52  Zergling x6  
  185  11:59  Hydralisk x2  
  185  12:00  Zergling x8  
  183  12:07  Hydralisk x3  
  183  12:08  Zergling x4  
  184  12:11  Hydralisk  
  184  12:12  Hydralisk  
  185  12:16  Hydralisk  
  185  12:20  Lurker x4  
  185  12:24  Hydralisk  
  185  12:25  Hydralisk x2, Zergling x2  
  180  12:35  Hydralisk x5  
  183  12:38  Queen  
  183  12:40  Hydralisk  
Show
View Real Time Build Order
Export as new Build Order

trigger Protoss 

Build Orders: 1 Gate Expand, Oracle Opening 

Get SALT Encoding   

  12  0:00  Probe  
  13  0:12  Probe  
  14  0:19  Pylon  
  14  0:24  Probe  
  15  0:35  Probe  
  15  0:40  Gateway  
  16  0:43  Probe  
  17  0:50  Assimilator  
  17  0:53  Probe  
  18  1:05  Probe  
  19  1:17  Probe  
  20  1:29  Nexus  
  21  1:37  Cybernetics Core  
  20  1:41  Probe  
  20  1:46  Assimilator  
  21  1:53  Probe  
  22  1:58  Pylon  
  22  2:05  Probe  
  22  2:06  Adept  
  23  2:17  Probe  
  23  2:22  Stargate  
  26  2:27  Probe  
  27  2:31  Warp Gate  
  27  2:35  Adept  
  27  2:36  Probe  
  29  2:37  Probe  
  29  2:44  Probe  
  31  2:45  Probe  
  33  2:55  Oracle, Probe x2  
  38  3:07  Adept, Probe  
  38  3:08  Probe  
  42  3:14  Pylon  
  42  3:19  Probe  
  43  3:21  Probe  
  44  3:31  Probe  
  44  3:32  Oracle  
  44  3:33  Probe  
  49  3:43  Nexus  
  49  3:45  Probe  
  50  3:49  Pylon  
  50  3:50  Probe  
  51  3:57  Probe  
  51  4:01  Oracle  
  51  4:02  Probe  
  53  4:07  Assimilator  
  53  4:08  Assimilator  
  56  4:10  Gateway  
  56  4:12  Probe  
  56  4:14  Probe  
  58  4:22  Adept  
  61  4:24  Probe  
  61  4:26  Twilight Council, Probe  
  60  4:36  Probe  
  60  4:37  Blink  
  59  4:38  Probe  
  59  4:43  Adept  
  60  4:46  Forge  
  60  4:48  Probe  
  60  4:51  Probe  
  62  4:57  Probe  
  63  5:00  Gateway, Probe  
  63  5:03  Probe  
  63  5:04  Gateway  
  63  5:05  Stalker  
  63  5:06  Shield Battery  
  67  5:09  Probe  
  67  5:12  Probe  
  67  5:13  Protoss Ground Weapons Level 1  
  69  5:15  Gateway, Probe  
  69  5:20  Gateway  
  70  5:21  Probe  
  70  5:24  Probe  
  70  5:27  Probe  
  73  5:29  Stalker  
  75  5:38  Probe x2  
  75  5:42  Pylon  
  77  5:46  Templar Archives, Pylon  
  77  5:52  Pylon  
  77  5:53  Pylon  
  77  6:00  Assimilator, Probe x3  
  77  6:02  Stalker x2  
  84  6:04  Assimilator, Stalker x2  
  84  6:09  Stalker  
  90  6:12  Probe x2  
  90  6:17  Stalker  
  94  6:19  Charge, Probe  
  94  6:22  Psionic Storm  
  94  6:23  Pylon  
  94  6:24  Probe  
  96  6:30  High Templar  
  96  6:31  Photon Cannon  
  98  6:41  Gateway  
  98  6:44  Zealot x2  
  98  6:46  Gateway  
  102  6:47  Pylon  
  102  6:53  High Templar x2  
  104  6:59  Robotics Facility  
  104  7:09  Zealot x4  
  104  7:12  Pylon  
  104  7:13  Pylon  
  104  7:15  Pylon  
  112  7:18  Photon Cannon, Protoss Ground Weapons Level 2  
  112  7:25  High Templar x2  
  116  7:32  Phoenix  
  116  7:40  Nexus  
  116  7:42  Pylon, Photon Cannon  
  118  7:46  Stalker x3  
  124  7:52  Pylon  
  124  7:53  Photon Cannon  
  124  7:57  Stalker  
  125  7:59  Stalker x2  
  125  8:04  Archon x2  
  119  8:07  Probe x2  
  119  8:09  Warp Prism  
  119  8:11  High Templar x2, Zealot x3  
  129  8:16  Archon  
  129  8:25  Zealot x3  
  135  8:32  Zealot  
  137  8:35  Pylon  
  137  8:36  Zealot x2  
  138  8:45  Immortal  
  138  8:46  Gateway  
  140  8:57  Nexus  
  140  9:01  High Templar x3  
  140  9:02  High Templar, Zealot x4  
  152  9:06  Archon  
  152  9:07  Archon  
  148  9:12  Probe  
  148  9:13  Probe  
  120  9:22  Zealot x4  
  88  9:34  Stalker x4  
  81  9:47  High Templar x4  
  87  10:01  Probe, Zealot x5  
  87  10:04  Probe  
  87  10:05  Probe  
  100  10:08  Photon Cannon  
  100  10:09  Probe x2  
  102  10:16  Probe  
  102  10:17  Probe  
  102  10:20  High Templar x2  
  107  10:22  Probe  
  107  10:25  Probe  
  107  10:26  Archon  
  107  10:28  Probe  
  107  10:30  Probe  
  107  10:33  Probe  
  110  10:36  High Templar x2  
  110  10:37  Photon Cannon  
  110  10:38  Zealot x3  
  110  10:39  Photon Cannon  
  110  10:40  Shield Battery  
  120  10:45  Probe  
  120  10:47  Photon Cannon, Probe  
  120  10:49  Assimilator  
  122  10:52  Assimilator  
  122  10:57  Probe x2  
  122  10:58  Observer  
  125  11:10  Zealot x2  
  125  11:11  Zealot x3  
  131  11:14  Zealot x2  
  139  11:25  High Templar x2  
  127  11:40  Fleet Beacon  
  127  11:41  Stargate  
  127  11:44  High Templar  
  127  11:45  Zealot x6  
  137  11:52  Immortal  
  137  11:56  Archon  
  137  12:00  Zealot  
  137  12:01  Zealot  
  117  12:10  High Templar x2  
  117  12:11  High Templar x2  
  117  12:12  Zealot x2  
  127  12:18  Archon  
  123  12:25  Zealot x3  
  123  12:28  Tempest  
  123  12:31  Immortal  
  123  12:33  Archon  
  123  12:35  Zealot x2  
  111  12:43  High Templar  
Tags
 
Add a new tag
Caveats
  • Supply blocks, unpowered buildings, or Contaminate may cause inaccurate times.
  • Supply counts are checked every 10 seconds.